 Dungeon Crawl Stone Soup version 0.19.5 (webtiles) character file.

32382 BabyRage the Destroyer (level 13, -3/110 HPs)
             Began as a Naga Earth Elementalist on Mar 16, 2017.
             Was a High Priest of Vehumet.
             Slain by a meliai
             ... wielding a +0 hand axe
              (8 damage)
             ... on level 4 of the Lair of Beasts.
             The game lasted 00:56:09 (21743 turns).

BabyRage the Destroyer (Naga Earth Elementalist)   Turns: 21743, Time: 00:56:09

Health: -3/110     AC: 14    Str: 18    XL:     13   Next: 64%
Magic:  13/32      EV: 17    Int: 18    God:    Vehumet [*****.]
Gold:   287        SH:  0    Dex: 14    Spells: 7 memorised, 1 level left

rFire  + . .     SeeInvis +     y - +1 morningstar (drain)
rCold  . . .     Gourm    .     F - +0 troll leather armour
rNeg   . . .     Faith    .     (no shield)
rPois  +         Spirit   .     q - +2 helmet
rElec  .         Reflect  .     C - +2 cloak
rCorr  .         Harm     .     g - +0 pair of gloves
MR     +....                    (no barding)
Stlth  ++........               (no amulet)
                                w - ring of magical power
                                i - +3 ring of evasion

@: mighty, barbed spikes, very slow
A: fangs 1, see invisible, agile 1, deformed body, dopey 1, fire resistance 1,
frail 1, sense surroundings 1, poison resistance, shaggy fur 1, slowness 2, slow
metabolism 1, spit poison 1, strong 1, MP-powered wands, constrict 1, AC +4
a: Spit Poison, Renounce Religion


You were on level 4 of the Lair of Beasts.
You worshipped Vehumet.
Vehumet was extremely pleased with you.
You were very hungry.

You visited 3 branches of the dungeon, and saw 18 of its levels.
You also visited: Ice Cave.

You collected 752 gold pieces.
You spent 465 gold pieces at shops.

Inventory:

Hand Weapons
 y - a +1 morningstar of draining (weapon)
Missiles
 b - 222 stones (quivered)
Armour
 g - a +0 pair of gloves (worn)
 q - a +2 helmet (worn)
 C - a +2 cloak (worn)
 F - a +0 troll leather armour (worn)
Jewellery
 i - a +3 ring of evasion (left hand)
 w - a ring of magical power (right hand)
Wands
 d - a wand of disintegration (12/24)
Scrolls
 j - 7 scrolls of recharging
 l - 3 scrolls of magic mapping
 o - 5 scrolls of remove curse
 p - 5 scrolls of identify
 x - 2 scrolls of fog
 A - 2 scrolls of teleportation
Potions
 f - 2 potions of curing
 h - 2 potions of might
 m - 2 potions of brilliance
 t - 2 potions of resistance
 u - 3 potions of agility
 v - 2 potions of haste
 z - 2 potions of magic
 B - 5 potions of flight
Books
 a - a book of Misfortune

   Spells                             Type                      Level
   a - Confusing Touch                Hexes                        1
   b - Confuse                        Hexes                        3
   c - Gell's Gravitas                Hexes/Translocation          3
   d - Petrify                        Transmutation/Earth          4
   e - Metabolic Englaciation         Hexes/Ice                    5
   f - Yara's Violent Unravelling     Hexes/Transmutation          5
 e - a book of Geomancy

   Spells                             Type                      Level
   a - Sandblast                      Earth                        1
   b - Passwall                       Transmutation/Earth          2
   c - Stone Arrow                    Conjuration/Earth            3
   d - Petrify                        Transmutation/Earth          4
   e - Lee's Rapid Deconstruction     Earth                        5
 k - a book of Unlife

   Spells                             Type                      Level
   a - Recall                         Summoning/Translocation      3
   b - Animate Dead                   Necromancy                   4
   c - Control Undead                 Necromancy                   4
   d - Cigotuvi's Embrace             Necromancy                   5
   e - Death Channel                  Necromancy                   6
   f - Simulacrum                     Ice/Necromancy               6
 s - a book of Maledictions

   Spells                             Type                      Level
   a - Corona                         Hexes                        1
   b - Ensorcelled Hibernation        Hexes/Ice                    2
   c - Confuse                        Hexes                        3
   d - Tukima's Dance                 Hexes                        3
   e - Dazzling Spray                 Conjuration/Hexes            3
Comestibles
 c - 3 chunks of flesh
 n - 9 slices of pizza
 r - 3 meat rations
 D - 6 bread rations
 E - 6 beef jerkies
 H - a fruit


   Skills:
 - Level 10.0 Fighting
 + Level 8.0 Dodging
 - Level 3.0 Stealth
 - Level 7.0 Spellcasting
 - Level 12.0 Conjurations
   Level 1.0 Transmutations
 - Level 3.0 Fire Magic
 + Level 2.2 Ice Magic
 + Level 11.7 Earth Magic


You had one spell level left.
You knew the following spells:

 Your Spells              Type           Power        Failure   Level  Hunger
a - Sandblast             Erth           #####.       1%          1    None
b - Stone Arrow           Conj/Erth      #####.       1%          3    ##.....
c - Lee's Rapid Deconstr  Erth           #####.....   1%          5    #####..
d - Freeze                Ice            ##..         1%          1    None
e - Iskenderun's Mystic   Conj           #####...     1%          4    ####...
f - Fireball              Conj/Fire      ####......   4%          5    #####..
g - Bolt of Cold          Conj/Ice       ####......   50%         6    #######


Dungeon Overview and Level Annotations

Branches:
Dungeon (13/15)            Temple (1/1) D:4            Lair (4/6) D:9
 Shoals (0/4) Lair:4
  Snake: Lair:2-4    Spider: Lair:2-4       Orc: D:9-12      Vaults: D:13-14

Altars:
Ashenzari
Cheibriados
Dithmenos
Elyvilon
Fedhas
Gozag
Hepliaklqana
Kikubaaqudgha
Makhleb
Nemelex Xobeh
Okawaru
Qazlal
Ru
Sif Muna
Trog
Uskayaw
Vehumet
Xom
Yredelemnul
Zin
The Shining One

Shops:
D:5 =??%   D:10 *

Annotations:
D:10 1 runed door
D:13 Frances
Lair:4 Urug


Innate Abilities, Weirdness & Mutations

You cannot wear boots.
Your serpentine skin is tough. (AC +4)
You have supernaturally acute eyesight. (SInv)
Armour fits poorly on your strangely shaped body.
Your system is resistant to poisons. (rPois)
You cover ground very slowly.
You have a slow metabolism.
You can spit poison.
You can use your snake-like lower body to constrict enemies.
You have very sharp teeth.
You are agile. (Dex +2)
You are dopey. (Int -2)
Your flesh is heat resistant. (rF+)
You are frail. (-10% HP)
You passively map a small area around you.
You are covered in fur. (AC +1)
Your muscles are strong. (Str +2)
You expend magic power (3 MP) to strengthen your wands.


Message History

Vehumet accepts your kill.
You feel your power returning. The killer bee completely misses you.
The meliai hits you but does no damage. The meliai closely misses you.
The killer bee barely misses you. The meliai hits you but does no damage.
The meliai stings you.
* * * LOW HITPOINT WARNING * * *
The killer bee closely misses you.
A spiny frog comes into view.
The spiny frog gives a loud, deep croak!
You puncture the meliai! Your grab misses the meliai. You bite the meliai.
The meliai is heavily wounded.
The killer bee barely misses you. The meliai hits you with a hand axe!
* * * LOW HITPOINT WARNING * * *
The meliai completely misses you. The killer bee stings you.
* * * LOW HITPOINT WARNING * * *
The meliai hits you with a hand axe.
* * * LOW HITPOINT WARNING * * *
The meliai closely misses you. The killer bee misses you.
The meliai hits you with a hand axe!
You die...

#≈≈≈≈
#...##.....###....
, *#≈≈≈.,#.#
##...P.#*,.###
#... #.###..#...#
,#. ,
#...##.#......###
.. , *
#.........#...#
#.≈ ,,
#............#...#
,.. ,
#...#)...≈.##....#
r. * #≈≈≈ #.yy...#
.≈..y# #≈≈≈
#.#@##### ....##
≈≈≈
###†######...## ,*
≈> #†...#.##... ,
≈ ≈* #..#.#.####.#
* ≈ ##...#..## *
##F.#..y.# * *
#...#†H#.# ,
##..y#...Y.#
#...#..≈Y.Y#


You could see a spiny frog, a meliai and 2 killer bees.

Vanquished Creatures
  The ghost of MySettings the Slicer, a journeyman KoHu of Okawaru (D:8)
  4 hydras
  A death yak (Lair:4)
  Sonja (D:11)
  4 hill giants
  A manticore (Lair:4)
  3 elephants (Lair:3)
  A siren (Lair:4)
  Psyche (D:10)
  The ghost of letownia the Reanimator, a novice DDNe (D:5)
  5 spiny frogs
  3 rime drakes
  5 komodo dragons
  A polar bear (Lair:1)
  5 trolls
  A hornet (D:12)
  6 hippogriffs
  4 blink frogs (Lair:2)
  A vampire (D:10)
  A wyvern (Lair:3)
  4 hogs (D:7)
  A shadow (D:13)
  19 yaks
  A human (D:7)
  A basilisk (Lair:2)
  A mottled dragon (D:11)
  A soldier ant (D:10)
  7 water moccasins
  10 porcupines
  11 ice beasts
  3 orc warriors
  A black bear (D:10)
  5 phantoms
  3 sky beasts
  19 wolves
  A necrophage (D:10)
  An eye of draining (D:12)
  3 ogres
  2 centaurs
  11 crocodiles
  2 big kobolds
  Blork the orc (D:5)
  17 bullfrogs
  A gnoll sergeant (D:8)
  A wyvern zombie (D:11)
  A water moccasin zombie (D:7)
  4 scorpions
  14 killer bees
  3 wights (D:7)
  8 electric eels
  3 howler monkeys (D:8)
  2 bullfrog zombies (D:5)
  9 crimson imps
  A quasit (D:8)
  2 centaur zombies
  5 jellies
  18 orc wizards
  2 centaur skeletons
  7 orc priests
  7 hounds
  6 hell rats (Lair:3)
  A statue (D:9)
  10 worker ants
  A killer bee zombie (D:9)
  A hound skeleton (D:10)
  A howler monkey zombie (D:7)
  4 worker ant zombies
  9 gnolls
  15 adders
  5 shadow imps
  2 oozes
  4 adder skeletons
  2 adder zombies
  4 worms
  A dart slug (D:4)
  9 leopard geckos
  49 orcs
  11 bats
  6 giant cockroaches
  8 goblins
  4 hobgoblins
  15 jackals
  5 quokkas
  4 ball pythons
  8 frilled lizards
  A giant cockroach zombie (D:5)
  19 kobolds
  8 rats
  4 fungi
480 creatures vanquished.

Vanquished Creatures (others)
  8 fungi
  4 plants (Lair:3)
12 creatures vanquished.

Grand Total: 492 creatures vanquished

Notes
Turn   | Place    | Note
-------+----------+-------------------------------------------
     0 | D:1      | BabyRage the Naga Earth Elementalist began the quest for the Orb.
     0 | D:1      | Reached XP level 1. HP: 15/15 MP: 3/3
   145 | D:1      | Reached XP level 2. HP: 22/22 MP: 3/5
   608 | D:1      | Reached XP level 3. HP: 28/28 MP: 3/6
   859 | D:1      | Learned a level 3 spell: Stone Arrow
  1196 | D:2      | Reached skill level 1 in Conjurations
  1197 | D:2      | Reached XP level 4. HP: 31/36 MP: 4/8
  1957 | D:3      | Reached XP level 5. HP: 42/42 MP: 4/9
  2045 | D:3      | Reached skill level 2 in Conjurations
  2619 | D:3      | Reached skill level 5 in Earth Magic
  2619 | D:3      | Reached XP level 6. HP: 38/49 MP: 6/10
  2972 | D:3      | Gained mutation: You are agile. (Dex +2) [potion of mutation]
  2972 | D:3      | Gained mutation: You are frail. (-10% HP) [potion of mutation]
  2972 | D:3      | Gained mutation: You are dopey. (Int -2) [potion of mutation]
  2973 | D:3      | Gained mutation: You passively map a small area around you. [potion of mutation]
  2973 | D:3      | Gained mutation: You are covered in fur. (AC +1) [potion of mutation]
  3019 | D:4      | Reached skill level 3 in Conjurations
  3240 | D:4      | Reached XP level 7. HP: 40/49 MP: 6/12
  3584 | D:4      | Reached skill level 4 in Conjurations
  3892 | D:4      | Found a staircase to the Ecumenical Temple.
  4067 | Temple   | Entered the Ecumenical Temple
  4146 | D:4      | You fall through a shaft for 2 floors!
  4304 | D:6      | Reached skill level 1 in Fighting
  4379 | D:5      | Entered Level 5 of the Dungeon
  4399 | D:5      | Reached skill level 5 in Conjurations
  4456 | D:5      | Noticed letownia's ghost (novice DDNe)
  4521 | D:5      | Found Imynist's Jewellery Emporium.
  4521 | D:5      | Noticed Blork the orc
  4532 | D:5      | Killed Blork the orc
  4532 | D:5      | Reached XP level 8. HP: 30/59 MP: 0/14
  4852 | D:5      | Found Siuwk's Food Shoppe.
  5024 | D:5      | Learned a level 5 spell: Lee's Rapid Deconstruction
  5210 | D:5      | Reached skill level 6 in Conjurations
  5302 | D:5      | Killed letownia's ghost
  5302 | D:5      | Reached skill level 7 in Conjurations
  5699 | D:5      | Found Wiuveosi's Jewellery Shoppe.
  5731 | D:5      | Gained mutation: You have very sharp teeth. [mutagenic meat]
  5734 | D:5      | Gained mutation: Your flesh is heat resistant. (rF+) [mutagenic meat]
  5830 | D:5      | Found Keno's Magic Scroll Emporium.
  5833 | D:5      | Bought a scroll of identify for 20 gold pieces
  5833 | D:5      | Bought a scroll of teleportation for 30 gold pieces
  6257 | D:5      | Found Rokh's Magic Scroll Shop.
  6265 | D:5      | Bought a scroll of teleportation for 33 gold pieces
  6265 | D:5      | Bought 2 scrolls of identify for 44 gold pieces
  6265 | D:5      | Bought a scroll of identify for 22 gold pieces
  6303 | D:5      | Reached XP level 9. HP: 70/70 MP: 1/15
  6707 | D:6      | Reached skill level 8 in Conjurations
  6786 | D:6      | Found a shadowy altar of Dithmenos.
  7719 | D:7      | Reached skill level 5 in Fighting
  7806 | D:7      | Reached skill level 5 in Spellcasting
  8124 | D:8      | Found a blossoming altar of Fedhas.
  8265 | D:8      | Reached XP level 10. HP: 76/81 MP: 11/18
  8416 | D:8      | Noticed MySettings's ghost (journeyman KoHu)
  8440 | D:9      | Found a staircase to the Lair.
  9209 | D:8      | Killed MySettings's ghost
  9962 | D:9      | Found a bloodstained altar of Trog.
  9998 | D:9      | Found a radiant altar of Vehumet.
 10014 | D:9      | Became a worshipper of Vehumet
 10231 | D:9      | Found a shimmering altar of Xom.
 10351 | D:9      | Found an ancient bone altar of Kikubaaqudgha.
 10351 | D:9      | Found a sacrificial altar of Ru.
 10353 | D:9      | Found a hide-covered altar of Uskayaw.
 10353 | D:9      | Found a glowing golden altar of the Shining One.
 10353 | D:9      | Found a shadowy altar of Dithmenos.
 10823 | D:9      | Reached * piety under Vehumet
 10823 | D:9      | Offered knowledge of Freeze by Vehumet.
 10902 | D:9      | Learned a level 1 spell: Freeze
 11174 | D:9      | Found a deep blue altar of Sif Muna.
 11390 | D:9      | Found a glowing golden altar of the Shining One.
 11390 | D:9      | Found a glowing silver altar of Zin.
 11391 | D:9      | Found a white marble altar of Elyvilon.
 11625 | D:10     | Entered Level 10 of the Dungeon
 11878 | D:10     | Reached XP level 11. HP: 81/92 MP: 0/21
 12072 | D:10     | Found Xycu's General Store.
 12080 | D:10     | Bought a scroll of teleportation for 36 gold pieces
 12177 | D:10     | Noticed Psyche
 12185 | D:10     | Killed Psyche
 12441 | D:10     | Offered knowledge of Magic Dart by Vehumet.
 12453 | D:10     | Reached ** piety under Vehumet
 13082 | D:10     | You fall through a shaft for 3 floors!
 13082 | D:13     | Noticed Frances
 13149 | D:13     | Reached skill level 10 in Earth Magic
 13330 | D:12     | Reached skill level 9 in Conjurations
 13555 | D:12     | Noticed a hill giant
 13561 | D:12     | Killed a hill giant
 14630 | D:10     | Offered knowledge of Inner Flame by Vehumet.
 14643 | D:10     | Noticed a sixfirhy
 14644 | D:10     | Found a runed door.
 14933 | D:11     | Gained mutation: You expend magic power (3 MP) to strengthen your wands. [mutagenic meat]
 15198 | D:11     | Noticed a hill giant
 15205 | D:11     | Killed a hill giant
 15373 | D:11     | Noticed Sonja
 15455 | D:11     | Killed Sonja
 15502 | D:11     | Noticed a hill giant
 15512 | D:11     | Noticed a hill giant
 15518 | D:11     | Killed a hill giant
 15634 | D:11     | Gained mutation: Your muscles are strong. (Str +2) [potion of beneficial mutation]
 15648 | D:11     | Reached skill level 10 in Conjurations
 15650 | D:11     | Reached *** piety under Vehumet
 15727 | D:11     | Noticed a skeletal warrior
 15730 | D:11     | Reached XP level 12. HP: 102/102 MP: 13/22
 15748 | D:11     | Noticed a death knight
 15749 | D:11     | Reached skill level 5 in Dodging
 16059 | Lair:1   | Entered Level 1 of the Lair of Beasts
 16198 | Lair:1   | Noticed a seven-headed hydra
 16203 | Lair:1   | HP: 2/103 [seven-headed hydra (12)]
 16224 | Lair:1   | Killed a seven-headed hydra
 16351 | Lair:1   | Offered knowledge of Iskenderun's Mystic Blast by Vehumet.
 16357 | Lair:1   | Learned a level 4 spell: Iskenderun's Mystic Blast
 16887 | D:5      | Bought an uncursed ring of magical power for 280 gold pieces
 17163 | Lair:1   | Reached skill level 10 in Fighting
 17699 | Lair:2   | Found a frozen archway.
 17990 | IceCv    | Entered an ice cave
 18008 | IceCv    | Noticed MirrMurr's ghost (journeyman FeBe)
 18012 | Lair:2   | Reached **** piety under Vehumet
 18252 | Lair:2   | Reached skill level 11 in Conjurations
 18277 | Lair:2   | Offered knowledge of Fireball by Vehumet.
 18425 | Lair:2   | Noticed a four-headed hydra
 18434 | Lair:2   | Killed a four-headed hydra
 19455 | Lair:3   | Gained mutation: You can use your snake-like lower body to constrict enemies. [Naga growth]
 19455 | Lair:3   | Reached XP level 13. HP: 110/110 MP: 21/23
 20304 | Lair:3   | Learned a level 5 spell: Fireball
 20375 | Lair:3   | Reached skill level 1 in Fire Magic
 20596 | Lair:3   | Reached ***** piety under Vehumet
 20749 | Lair:3   | Reached skill level 12 in Conjurations
 21023 | Lair:3   | Offered knowledge of Bolt of Cold by Vehumet.
 21501 | Lair:3   | Learned a level 6 spell: Bolt of Cold
 21542 | Lair:4   | Noticed Urug
 21670 | Lair:4   | Found a staircase to the Shoals.
 21708 | Lair:4   | Reached skill level 1 in Ice Magic
 21743 | Lair:4   | HP: 5/110 [meliai/hand axe (3)]
 21743 | Lair:4   | Slain by a meliai

Skill      XL: |  1  2  3  4  5  6  7  8  9 10 11 12 13 |
---------------+----------------------------------------+-----
Earth Magic    | 4 5 6 7 9 10 11 | 11.7
Conjurations   | 1 2 3 5 7 8 10 11 12 | 12.0
Spellcasting   | 3 4 5 7 |  7.0
Fighting       | 1 3 6 7 9 10 | 10.0
Dodging        | 4 7 8 |  8.0
Fire Magic     | 3 |  3.0
Ice Magic      | 2 |  2.2
Stealth        | |  3.0
Transmutations | |  1.0

Action                   |  1- 3 |  4- 6 |  7- 9 | 10-12 | 13-15 || total
-------------------------+-------+-------+-------+-------+-------++-------
Melee: Unarmed           |     4 |       |       |       |       ||     4
       Long sword        |       |       |    87 |    85 |       ||   172
       Bite              |       |       |     3 |    19 |    10 ||    32
       Morningstar       |       |       |       |   149 |    86 ||   235
       Constrict         |       |       |       |       |    21 ||    21
 Cast: Sandblast         |    50 |    81 |    73 |    58 |       ||   262
       Stone Arrow       |       |     2 |    87 |   320 |       ||   409
       Iskenderun's Myst |       |       |       |    98 |    83 ||   181
       Lee's Rapid Decon |       |       |       |     4 |    17 ||    21
       Freeze            |       |       |       |     1 |       ||     1
 Abil: Spit Poison       |     7 |     8 |    23 |    33 |    14 ||    85
  Use: Potion            |     2 |     2 |       |    11 |     5 ||    20
       Scroll            |     5 |     7 |    12 |    11 |     3 ||    38
 Stab: Sleeping          |       |       |     3 |     2 |       ||     5
       Distracted        |       |       |     1 |     1 |       ||     2
  Eat: Chunk             |     1 |     6 |    15 |    38 |    13 ||    73
       Bread ration      |       |       |     2 |     1 |       ||     3
       Pizza             |       |       |     1 |     1 |       ||     2
       Fruit             |       |       |     1 |       |     1 ||     2
       Meat ration       |       |       |       |     2 |     1 ||     3
       Royal jelly       |       |       |       |       |     1 ||     1
Armor: Robe              |    10 |     8 |    53 |   101 |       ||   172
       Skin              |     9 |       |       |    30 |       ||    39
       Troll leather arm |       |       |       |    91 |    90 ||   181
Dodge: Dodged            |    31 |    15 |   104 |   390 |   232 ||   772
       Rpst.: Long sword |       |       |    27 |    12 |       ||    39
